Map: Ephemeron LE

Players

SpeCial - Winner!

  • Race: Terran Terran
  • Spawn Location: 11:00

Hurricane

  • Race: Protoss Protoss
  • Spawn Location: 5:00

Event: IEM Katowice 2020

VOD

Have the link to the VOD?

Description

Time

  • Played on: Feb. 25, 2020, 7:04 a.m.
  • Length: 9:14

All games in this series

Show
View Real Time Build Order
Export as new Build Order

SpeCial Terran - Winner!

Build Orders: Banshee Rush 

Get SALT Encoding   

  12  0:00  SCV  
  13  0:12  SCV  
  14  0:18  Supply Depot  
  14  0:25  SCV  
  15  0:40  SCV  
  16  0:43  Barracks  
  16  0:48  Refinery  
  16  0:52  SCV  
  17  0:57  Refinery  
  17  1:04  SCV  
  18  1:16  SCV  
  19  1:33  Reaper, Orbital Command  
  20  1:46  Factory  
  20  1:55  Supply Depot  
  20  1:59  SCV  
  21  2:05  Reaper  
  22  2:11  SCV  
  23  2:23  SCV  
  23  2:29  Command Center  
  24  2:31  Factory Reactor  
  24  2:35  SCV  
  25  2:40  Starport  
  25  2:46  Supply Depot  
  25  2:47  SCV  
  26  2:59  SCV  
  27  3:08  Hellion x2  
  27  3:11  SCV  
  32  3:17  Starport Tech Lab  
  32  3:23  SCV  
  33  3:29  Hellion x2  
  37  3:35  Cloaking Field  
  37  3:38  SCV  
  37  3:40  Banshee  
  41  3:44  Orbital Command  
  41  3:50  SCV  
  42  3:56  Factory Tech Lab  
  43  4:02  SCV  
  43  4:03  Marine x2  
  43  4:06  Supply Depot  
  45  4:21  Marine  
  45  4:24  Siege Tank  
  45  4:26  SCV  
  45  4:29  Banshee  
  45  4:30  Marine  
  50  4:33  SCV  
  47  4:38  SCV  
  47  4:39  Marine, Bunker  
  47  4:45  SCV  
  48  4:49  Marine  
  48  4:50  SCV  
  50  4:56  Command Center  
  50  4:57  Marine, SCV  
  52  5:00  Siege Tank  
  55  5:07  Marine  
  55  5:11  SCV x2  
  55  5:15  Marine  
  55  5:18  Supply Depot  
  55  5:19  Raven  
  58  5:23  SCV  
  58  5:26  Barracks  
  59  5:30  SCV  
  59  5:31  Marine  
  59  5:32  Marine, Barracks  
  62  5:39  SCV  
  62  5:41  Supply Depot  
  62  5:42  SCV  
  64  5:43  Engineering Bay  
  64  5:49  Marine  
  65  5:50  Marine  
  65  5:52  SCV, Refinery  
  65  5:54  SCV, Factory Reactor  
  68  6:04  SCV, Refinery  
  69  6:05  Barracks  
  69  6:06  SCV, Barracks  
  69  6:07  Marine  
  69  6:10  Marine  
  72  6:12  Starport Reactor  
  72  6:14  Terran Infantry Weapons Level 1  
  72  6:16  SCV  
  72  6:18  SCV  
  71  6:27  Orbital Command  
  71  6:28  SCV  
  71  6:30  SCV  
  73  6:34  Marine, Supply Depot  
  73  6:35  Marine x3, Combat Shield, Stimpack  
  77  6:45  SCV x2  
  77  6:46  Supply Depot  
  79  6:47  Missile Turret  
  79  6:50  Widow Mine x2  
  79  6:52  Marine x2  
  79  6:53  Medivac  
  87  6:57  Medivac  
  87  6:58  Barracks Tech Lab, Orbital Command  
  87  6:59  Barracks Reactor  
  89  7:02  Supply Depot  
  89  7:06  Marauder  
  91  7:10  Marine x2  
  91  7:12  Marauder  
  91  7:15  Widow Mine x2  
  97  7:21  Marauder  
  98  7:28  Marine x2, Medivac, Supply Depot x2, Marauder  
  104  7:32  Medivac  
  104  7:34  Marauder  
  104  7:36  Marine x2  
  110  7:38  Concussive Shells  
  110  7:43  Marauder  
  112  7:47  Marine x2  
  112  7:49  Marauder  
  116  7:55  Marauder  
  114  8:04  Marauder  
  110  8:07  Marine  
  110  8:08  Widow Mine  
  110  8:09  Widow Mine  
  110  8:11  Marauder  
  117  8:15  Marine  
  117  8:17  Marauder  
  119  8:24  Engineering Bay  
  119  8:27  Marine  
  119  8:28  Marauder  
  122  8:37  Marine  
  122  8:38  Marauder  
  116  8:52  Marine, Marauder  
Show
View Real Time Build Order
Export as new Build Order

Hurricane Protoss 

Build Orders:  

Get SALT Encoding   

  12  0:01  Probe  
  13  0:13  Probe  
  14  0:17  Pylon  
  14  0:25  Probe (Chrono Boost)  
  15  0:37  Probe (Chrono Boost), Gateway  
  16  0:44  Probe (Chrono Boost)  
  16  0:46  Assimilator  
  17  0:51  Probe  
  18  1:03  Probe  
  19  1:15  Probe  
  20  1:26  Zealot  
  20  1:27  Pylon, Cybernetics Core  
  20  1:28  Probe  
  23  1:49  Nexus  
  23  1:54  Assimilator  
  23  1:56  Probe  
  24  2:03  Stalker (Chrono Boost)  
  26  2:09  Probe  
  27  2:21  Probe  
  28  2:27  Robotics Facility, Stalker (Chrono Boost)  
  28  2:33  Probe  
  31  2:40  Warp Gate  
  31  2:49  Pylon  
  31  2:55  Shield Battery  
  31  3:00  Probe (Chrono Boost)  
  31  3:04  Probe (Chrono Boost)  
  35  3:06  Sentry  
  35  3:11  Probe (Chrono Boost)  
  37  3:14  Probe (Chrono Boost)  
  37  3:16  Observer  
  39  3:20  Probe x2 (Chrono Boost)  
  39  3:24  Gateway  
  39  3:26  Probe  
  41  3:27  Probe  
  41  3:30  Pylon  
  42  3:35  Observer  
  42  3:39  Probe x2  
  42  3:40  Observer  
  45  3:51  Probe x2  
  47  3:59  Immortal (Chrono Boost)  
  51  4:03  Probe x2, Pylon  
  51  4:26  Probe  
  51  4:29  Stalker x2  
  51  4:31  Probe (Chrono Boost)  
  48  4:43  Probe x2 (Chrono Boost)  
  52  4:51  Probe (Chrono Boost)  
  52  4:52  Observer  
  53  4:53  Probe (Chrono Boost)  
  53  4:57  Probe  
  53  4:59  Stalker  
  56  5:03  Probe  
  55  5:07  Nexus  
  55  5:08  Observer  
  55  5:09  Probe (Chrono Boost), Pylon  
  55  5:14  Observer  
  55  5:15  Probe (Chrono Boost)  
  58  5:21  Probe (Chrono Boost)  
  58  5:26  Probe (Chrono Boost), Nexus  
  59  5:29  Probe (Chrono Boost)  
  59  5:31  Probe (Chrono Boost)  
  60  5:36  Probe, Observer  
  60  5:41  Probe  
  63  5:43  Twilight Council  
  63  5:45  Phoenix, Forge  
  63  5:48  Probe  
  64  5:53  Probe  
  65  6:00  Probe  
  66  6:05  Probe, Assimilator x2  
  66  6:08  Stalker  
  69  6:11  Pylon  
  69  6:12  Probe  
  70  6:19  Probe  
  70  6:20  Pylon, Protoss Ground Armor Level 1  
  55  6:25  Charge (Chrono Boost), Sentry  
  69  6:27  Immortal  
  69  6:32  Probe (Chrono Boost)  
  77  6:33  Probe (Chrono Boost)  
  77  6:34  Probe (Chrono Boost)  
  78  6:43  Probe x3 (Chrono Boost)  
  78  6:44  Probe (Chrono Boost)  
  82  6:51  Probe (Chrono Boost)  
  82  6:52  Probe x2 (Chrono Boost)  
  82  6:53  Probe (Chrono Boost)  
  86  6:55  Sentry  
  86  6:56  Probe (Chrono Boost), Sentry  
  86  6:59  Probe x2  
  86  7:00  Gateway  
  93  7:03  Gateway  
  93  7:04  Gateway  
  93  7:06  Probe  
  93  7:08  Phoenix  
  94  7:09  Probe  
  95  7:21  Probe  
  94  7:24  Probe x3  
  94  7:27  Gateway x2  
  94  7:28  Gateway, Warp Prism (Chrono Boost)  
  97  7:31  Pylon, Templar Archives  
  97  7:36  Probe x3  
  97  7:37  Probe  
  103  7:43  Zealot x2  
  107  7:47  Observer  
  107  7:54  Pylon  
  103  8:06  Zealot x5  
  103  8:07  Immortal  
  116  8:19  Gateway  
  116  8:20  Gateway, Shield Battery  
  116  8:22  High Templar, Shield Battery  
  116  8:23  Pylon, High Templar  
  120  8:31  High Templar  
  120  8:32  High Templar, Zealot  
  120  8:33  Archon  
  124  8:38  Archon, Zealot  
  124  8:41  Pylon x2  
  124  8:42  Pylon  
  98  8:57  Zealot x3  
  98  8:58  Zealot  
  98  8:59  Zealot  
  86  9:04  Zealot  
  86  9:05  Zealot  

Tags
 
Add a new tag
Caveats
  • Supply blocks, unpowered buildings, or Contaminate may cause inaccurate times.
  • Supply counts are checked every 10 seconds.